 Dungeon Crawl Stone Soup version 0.28-a0-390-gb254ac4902 (webtiles) character file.

Game seed: 16398898691645714889

92 Armakuni the Slasher (level 4, -1/37 HPs)
             Began as a Human Cinder Acolyte on Sept 4, 2021.
             Was a Priest of Ignis.
             Slain by a hobgoblin (2 damage)
             ... led by Robin
             ... on level 2 of the Dungeon.
             The game lasted 00:04:32 (2124 turns).

Armakuni the Slasher (Human Cinder Acolyte)         Turns: 2124, Time: 00:04:33

Health: -1/37      AC:  6    Str: 17 (20) XL:     4   Next: 90%
Magic:  5/5        EV: 10    Int: 14 (15) God:    Ignis [***...]
Gold:   7          SH:  0    Dex:  9      Spells: 5/5 levels left

rFire   + + .      SeeInvis .   a - -1 falchion (flame)
rCold   + . .      Faith    .   (no shield)
rNeg    . . .      Spirit   .   c - +0 ring mail
rPois   .          Reflect  .   (no helmet)
rElec   .          Harm     .   f - scarf {rC+ rF+}
rCorr   .          Rampage  .   (no gloves)
Will    .....                   d - +0 pair of boots
Stlth   ..........              (no amulet)
HPRegen 0.12/turn               V - +6 ring of strength
MPRegen 0.09/turn               (no ring)

@: no status effects
A: no striking features
a: Renounce Religion, Sea of Fire, Foxfire Swarm, Rising Flame


You were on level 2 of the Dungeon.
You worshipped Ignis.
Ignis was most pleased with you.
You visited 1 branch of the dungeon, and saw 2 of its levels.

You collected 7 gold pieces.

Inventory:

Hand Weapons
 a - a -1 falchion of flaming (weapon)
Armour
 b - a +0 robe
 c - a +0 ring mail (worn)
 d - a +0 pair of boots (worn)
 f - a scarf of resistance (worn)
Jewellery
 V - a +6 ring of strength (left hand)


   Skills:
 + Level 4.2 Fighting
 + Level 4.2 Long Blades
 - Level 1.0 Spellcasting
 - Level 3.0 Fire Magic


You had 5 spell levels left.
You didn't know any spells.
Your spell library contained the following spells:

 Spells                   Type           Power      Damage    Failure   Level
 Scorch                   Fire           18%        2d5       22%         2
 Static Discharge         Conj/Air       0%         N/A       58%         2
 Sticky Flame             Conj/Fire      4%         2d3       95%         4
 Dispel Undead            Necr           0%         3d6       99%         4
 Dispersal                Tloc           0%         N/A       100%        6
 Disjunction              Tloc           0%         N/A       100%        8


Dungeon Overview and Level Annotations

Branches:
Dungeon (2/15)

Altars:

Annotations:
D:2 Robin


Message History

The foxfire hits the goblin.
The goblin is moderately wounded.
The foxfire hits the goblin.
You kill the goblin!
The foxfire hits the goblin.
The goblin is moderately wounded.
The foxfire hits the goblin.
The goblin is severely wounded.
The foxfire hits the goblin but does no damage.
The goblin is severely wounded.
The foxfire hits the goblin.
You kill the goblin!
The foxfire hits the goblin.
You kill the goblin!
Robin roars a battlecry!
The hobgoblin goes into a battle-frenzy!
Things that are here:
a +0 club; a +0 ring mail Robin drinks a potion.
Robin seems to grow stronger.
The hobgoblin closely misses you.
Things that are here:
a +0 club; a goblin corpse An endoplasm comes into view.
Robin closely misses you.
You hit the hobgoblin. You burn the hobgoblin.
The hobgoblin is moderately wounded.
Robin closely misses you. The hobgoblin hits you.
You barely miss the hobgoblin.
The hobgoblin is moderately wounded.
Robin hits you with a +7 club. The hobgoblin hits you.
You closely miss the hobgoblin.
The hobgoblin is moderately wounded.
Robin hits you with a +7 club!
The hobgoblin hits you but does no damage.
You closely miss the hobgoblin.
The hobgoblin is moderately wounded.
Robin hits you with a +7 club!
* * * LOW HITPOINT WARNING * * *
The hobgoblin hits you.
You die...

..........# #.# #......#
.######.#.# #.# #.#.##.# #>#.#
#.# ##.#.##.# #.#.# ##.##
##..#.##.. #.#
###.#.###...###..##..#.###. ...
.##......))......#...#.###.
#.##.......###...#...##....†....
#.##..##.#.# ##g## ..#....#####.
##.....##.#.# #@# .#....# #.
#....>.##.#.# #g# #....# #.
.....#....#.# #.# #....# #.
.......## #.# #J# #....# ##
......## #.# #.# ##...######
#...### #.# #...##.... ###.# #.#
##...#.### #.# #.# #...## # #.#
##....# #


You could see Robin (strong), an endoplasm and a hobgoblin (strong).

Vanquished Creatures
  Natasha (D:1)
  2 gnolls (D:2)
  An adder (D:2)
  2 worms
  A dart slug (D:1)
  A giant cockroach (D:1)
  4 goblins
  6 hobgoblins
  5 kobolds
  2 quokkas (D:2)
  A ball python (D:1)
  3 bats
  2 frilled lizards
  3 rats
34 creatures vanquished.

Vanquished Creatures (others)
  41 foxfires
  3 plants (D:1)
44 creatures vanquished.

Grand Total: 78 creatures vanquished

Notes
Turn   | Place    | Note
-------+----------+-------------------------------------------
     0 | D:1      | Armakuni the Human Cinder Acolyte began the quest for the
                  | Orb.
     0 | D:1      | Reached XP level 1. HP: 18/18 MP: 2/2
   359 | D:1      | Reached XP level 2. HP: 24/24 MP: 3/3
  1009 | D:2      | Noticed Natasha
  1031 | D:1      | Killed Natasha
  1032 | D:1      | Reached XP level 3. HP: 8/30 MP: 4/4
  1371 | D:2      | Reached XP level 4. HP: 28/37 MP: 5/5
  1751 | D:2      | Identified a scroll of acquirement
  1751 | D:2      | Acquired a scarf of resistance
  1951 | D:2      | Found a faded altar of an unknown god.
  2110 | D:2      | Noticed Robin
  2124 | D:2      | HP: 1/37 [Robin (13)]
  2124 | D:2      | Slain by a hobgoblin

Illustrated notes

Levels and vault maps discovered:
D:1:      dpeg_arrival_more_subterranean_lakeside_camping, layout_loops_ring,
          serial_forest, infiniplex_forest_lined_ring,
          infiniplex_forest_lined_3, infiniplex_forest_split,
          infiniplex_forest_clump_cross, infiniplex_forest_clump_cross,
          infiniplex_forest_corner_1, infiniplex_forest_end_2
D:2:      layout_loops_ring, hellmonk_ecumenical_altar_zigzags, uniq_natasha,
          uniq_robin

Skill      XL: |  1  2  3  4 |
---------------+-------------+-----
Fighting       | 4 |  4.2
Long Blades    | 4 |  4.2
Spellcasting   | |  1.0
Fire Magic     | |  3.0

Action                   |  1- 3 |  4- 6 || total
-------------------------+-------+-------++-------
Melee: Falchion          |    96 |    50 ||   146
Invok: Sea of Fire       |     1 |       ||     1
       Foxfire Swarm     |     3 |     2 ||     5
  Use: Scroll            |     1 |     2 ||     3
       Potion            |     1 |     1 ||     2
Armor: Ring mail         |    15 |    24 ||    39
       Robe              |     5 |       ||     5
Dodge: Dodged            |    36 |    34 ||    70

Table legend: (Time is in decaauts)
 A = Elapsed time spent in this place.
 B = Non-inter-level travel time spent in this place.
 C = Inter-level travel time spent in this place.
 D = Time resting spent in this place.
 E = Time spent auto-exploring this place.
 F = Levels seen in this place.
 G = Mean time per level.
                   A        B        C        D        E       F      G
               +--------+--------+--------+--------+--------+-----+--------+
         Total |   2143 |   2118 |     25 |    469 |   1181 |   2 | 1071.5 |
       Dungeon |   2143 |   2118 |     25 |    469 |   1181 |   2 | 1071.5 |
               +--------+--------+--------+--------+--------+-----+--------+

Top non-repeatable levels by time:
     D:1: 1163 daAuts
     D:2: 980 daAuts
